 Dungeon Crawl Stone Soup version 0.30.1-4-g462c640d31 (webtiles) character file.

Game seed: 14582328434685674758

14199 H3lixF0ssil the Cleaver (level 11, -2/103 HPs)
             Began as a Minotaur Berserker on Aug 16, 2023.
             Was an Elder of Trog.
             Engulfed by a cloud of flame (19 damage)
             ... in a volcano.
             The game lasted 00:49:23 (9263 turns).

H3lixF0ssil the Cleaver (Minotaur Berserker)        Turns: 9263, Time: 00:49:24

Health: -2/103     AC:  8    Str: 26    XL:     11   Next: 85%
Magic:  10/10      EV: 14    Int:  4    God:    Trog [****..]
Gold:   751        SH:  0    Dex: 10    Spells: 10/10 levels left

rFire   . . .        q - +10 hand axe of Guilt {venom, SInv}
rCold   . . .        (no shield)
rNeg    + . .        p - +3 leather armour {rN+}
rPois   .            (helmet restricted)
rElec   .            s - scarf {repulsion}
rCorr   .            (no gloves)
SInv    +            a - +0 pair of boots
Will    .....        (no amulet)
Stlth   ++           (no ring)
HPRegen 0.37/turn    (no ring)
MPRegen 0.12/turn

%: repel missiles
@: no status effects
A: horns 2, retaliatory headbutt
a: Renounce Religion, Berserk, Trog's Hand, Brothers in Arms


You were in a volcano.
You worshipped Trog.
Trog was greatly pleased with you.
You visited 2 branches of the dungeon, and saw 11 of its levels.
You also visited: Ossuary and Volcano.

You collected 751 gold pieces.

Inventory:

Hand Weapons
 h - a +0 vampiric scythe
 q - the +10 hand axe of Guilt (weapon) {venom, SInv}
   (You found it on level 5 of the Dungeon)

   SInv:      It lets you see invisible.
 r - a +2 quarterstaff of chaos
 D - a +2 whip of venom
Missiles
 b - 2 throwing nets
 d - 117 stones
 j - 28 poisoned darts (quivered)
Armour
 a - a +0 pair of boots (worn)
 p - a +3 leather armour of positive energy (worn)
 s - a scarf of repulsion (worn)
 v - a +2 robe
 G - a +0 chain mail
Jewellery
 E - a ring of magical power
Scrolls
 g - a scroll of silence
 t - 3 scrolls of teleportation
 x - 2 scrolls of vulnerability {unknown}
 y - a scroll of fog
 H - 3 scrolls of identify
Potions
 c - a potion of invisibility {unknown}
 f - a potion of might
 k - a potion of mutation {unknown}
 l - a potion of resistance
 m - 4 potions of degeneration {unknown}
 n - 3 potions of berserk rage
 w - a potion of magic {unknown}
 z - a potion of attraction {unknown}
 A - a potion of haste {unknown}
 B - 2 potions of flight {unknown}
 C - a potion of brilliance {unknown}


   Skills:
 + Level 11.6 Fighting
 + Level 13.9(15.1) Axes
 + Level 5.4(10.5) Maces & Flails
 + Level 8.3(12.1) Polearms
 + Level 7.1 Armour
 + Level 8.0 Dodging
 + Level 2.6 Stealth


You had 10 spell levels left.
You didn't know any spells.
Your spell library was empty.

Dungeon Overview and Level Annotations

Branches:
Dungeon (9/15)             Temple (0/1) D:6            Lair (2/5) D:9
Ossuary (visited)         Volcano (1/1)
  Swamp: Lair:2-3    Shoals: Lair:2-3     Snake: Lair:2-3    Spider: Lair:2-3
    Orc: D:9-12

Altars:
Ashenzari
Kikubaaqudgha
Qazlal
Wu Jian
Yredelemnul

Shops:
D:6 *


Innate Abilities, Weirdness & Mutations

You have a pair of horns on your head.
You reflexively headbutt those who attack you in melee.


Message History

Your lindwurm claws the salamander but does no damage.
Your lindwurm claws the salamander!
The salamander hits your lindwurm with a +0 halberd!
Your lindwurm is engulfed in flames!
Your lindwurm dies!
Your lindwurm's corpse dissolves into shadows!
You see here a +0 trident.
You barely miss the salamander.
The salamander is almost dead.
You slice the salamander!!
You kill the salamander!
Trog accepts your kill.
Your Dodging skill increases to level 8!
You feel a strong urge to attack something.
You are no longer berserk.
You are exhausted.
You feel yourself slow down.
You start resting.
You feel the effects of Trog's Hand fading.
You start resting.
Your skin stops crawling.
You feel less strong-willed.
You start resting.
The air gets thick with the scent of sulphur.
You start resting.
In the distance, the volcano erupts with a roar.
You are engulfed in blazing flames.
* * * LOW HITPOINT WARNING * * *
As you read the scroll of fog, it crumbles to dust.
The scroll dissolves into smoke.
You are engulfed in blazing flames.
* * * LOW HITPOINT WARNING * * *
You start resting.
You feel yourself speed up.
You start resting.
You recover from your berserk rage.
You start resting.
The air gets thick with the scent of sulphur.
You see here a +0 trident.
In the distance, the volcano erupts with a roar.
You are engulfed in blazing flames.
You die...

≈≈≈≈°°...####°.≈§≈≈≈≈°
≈°≈≈≈~°°## #○§○§☼○○≈
≈≈≈≈≈°..# #☼○☼☼°☼○≈
≈≈§≈~.°°+ #☼°☼§○☼≈≈
≈≈≈≈≈~~.# #§☼☼§§≈≈≈
≈°≈≈≈≈~.## ##☼☼○§§§§§
≈°≈≈≈~○○○####§☼☼☼§☼§☼#
≈°≈≈≈~○○☼○○○☼☼○○○○○§☼§
≈≈≈≈≈≈...####@☼☼°○§☼○#
≈°°≈≈≈~.##N.##○☼☼§○○☼≈
≈°≈≈≈≈~.#.!..#○☼○☼☼§☼≈
≈°§≈≈≈°.#...N'☼☼☼☼§☼#§
≈°°≈≈~≈.#[..k#○☼○○°☼○§
≈°≈≈°≈~.##..##☼☼§§○☼☼§
≈°≈≈§~. ### .☼☼§○§○§≈
.§☼○☼§☼☼≈ #..≈≈§§≈≈≈


There were no monsters in sight!

Vanquished Creatures
  A two-headed ogre (D:9)
  2 salamanders (Volcano)
  3 black mambas
  5 cane toads (Lair:1)
  4 komodo dragons (Lair:1)
  5 blink frogs (Lair:1)
  Sigmund (D:2)
  A wyvern (D:9)
  Eustachio (D:6)
  14 yaks
  2 basilisks
  Duvessa (D:4)
  4 water moccasins
  3 sky beasts
  10 black bears
  3 ogres
  4 centaurs
  2 wolves (Lair:1)
  3 kobold brigands
  3 scorpions
  6 bullfrogs
  A gnoll sergeant (D:6)
  Dowan (D:4)
  5 wights (D:7)
  2 vampire bats (D:7)
  2 jellies
  6 hounds
  3 orc priests
  2 gnoll boudas
  Crazy Yiuf (D:5)
  A sleepcap (D:5)
  3 iguanas
  4 orc wizards
  3 mummies (Ossuary)
  Robin (D:2)
  20 gnolls
  8 adders
  A shadow imp (D:5)
  2 white imps
  4 adder zombies (Ossuary)
  A worm (D:2)
  A dart slug (D:2)
  23 orcs
  7 ball pythons
  2 bat skeletons (D:7)
  5 bat zombies (D:7)
  10 endoplasms
  3 giant cockroaches
  A gnoll zombie (Ossuary)
  13 goblins
  13 hobgoblins
  2 jackals (D:1)
  24 kobolds
  A quokka (D:2)
  8 bats
  4 frilled lizards
  3 goblin zombies (Ossuary)
  3 hobgoblin zombies (Ossuary)
  4 kobold zombies (Ossuary)
  An orc zombie (Ossuary)
  A quokka zombie (Ossuary)
  8 rats
  A rat zombie (Ossuary)
287 creatures vanquished.

Vanquished Creatures (collateral kills)
  2 fire bats (Volcano)
  2 yaks (D:9)
  A wyvern (D:9)
  A water moccasin (D:9)
  2 centaurs
8 creatures vanquished.

Grand Total: 295 creatures vanquished

Notes
Turn   | Place    | Note
-------+----------+-------------------------------------------
     0 | D:1      | H3lixF0ssil the Minotaur Berserker began the quest for the
                  | Orb.
     0 | D:1      | Reached XP level 1. HP: 19/19 MP: 0/0
   182 | D:1      | Reached XP level 2. HP: 27/27 MP: 1/1
   375 | D:1      | Reached ** piety under Trog
   376 | D:1      | Reached XP level 3. HP: 33/33 MP: 2/2
   791 | D:2      | Noticed Sigmund
   797 | D:2      | Killed Sigmund
   798 | D:2      | Reached skill level 5 in Fighting
   798 | D:2      | Reached skill level 5 in Maces & Flails
   798 | D:2      | Reached XP level 4. HP: 42/42 MP: 3/3
   798 | D:2      | Reached XP level 5. HP: 48/48 MP: 4/4
  1135 | D:2      | Noticed Robin
  1163 | D:2      | Killed Robin
  1544 | D:3      | Reached *** piety under Trog
  1545 | D:3      | Reached skill level 1 in Polearms
  1545 | D:3      | Reached XP level 6. HP: 35/56 MP: 5/5
  1682 | D:3      | Found a faded altar of an unknown god.
  1697 | D:3      | Found an ornate altar of the Wu Jian Council.
  1700 | D:3      | Found a basalt altar of Yredelemnul.
  2146 | D:4      | Reached XP level 7. HP: 49/61 MP: 6/6
  2403 | D:4      | You fall into a shaft and drop 2 floors!
  2427 | D:6      | Noticed Eustachio
  2438 | D:6      | Killed Eustachio
  2439 | D:6      | Reached skill level 5 in Polearms
  2439 | D:6      | Reached skill level 5 in Armour
  2544 | D:5      | Entered Level 5 of the Dungeon
  2600 | D:5      | Reached XP level 8. HP: 64/70 MP: 7/7
  2664 | D:5      | Reached **** piety under Trog
  2747 | D:5      | Found a runed translucent door.
  2748 | D:5      | Noticed Crazy Yiuf
  2753 | D:5      | Killed Crazy Yiuf
  2951 | D:5      | Identified the +10 hand axe of Guilt {venom, SInv}
  3423 | D:5      | Reached skill level 1 in Axes
  3824 | D:4      | Noticed Dowan
  3825 | D:4      | Noticed Duvessa
  3832 | D:4      | Killed Duvessa
  3833 | D:4      | Reached skill level 1 in Stealth
  3837 | D:4      | Killed Dowan
  3838 | D:4      | Reached skill level 2 in Axes
  4293 | D:6      | Found a staircase to the Ecumenical Temple.
  4344 | D:6      | Reached skill level 3 in Axes
  4407 | D:6      | Reached XP level 9. HP: 47/79 MP: 8/8
  4575 | D:6      | Reached skill level 5 in Dodging
  5023 | D:6      | Found Jefroaz's Elemental Accessories.
  5161 | D:7      | Found a sand-covered staircase.
  5168 | Ossuary  | Entered an ossuary
  5345 | D:7      | Found a broken altar of Ashenzari.
  5384 | D:7      | Reached skill level 4 in Axes
  5482 | D:7      | Reached skill level 5 in Axes
  5573 | D:7      | Found an ancient bone altar of Kikubaaqudgha.
  5693 | D:7      | Reached skill level 6 in Axes
  5907 | D:7      | Found a stormy altar of Qazlal.
  6279 | D:8      | Reached ***** piety under Trog
  6505 | D:8      | Reached skill level 7 in Axes
  6951 | D:9      | Noticed a two-headed ogre
  6958 | D:9      | Killed a two-headed ogre
  6959 | D:9      | Reached skill level 8 in Axes
  6959 | D:9      | Reached XP level 10. HP: 90/90 MP: 9/9
  7189 | D:9      | Reached skill level 9 in Axes
  7193 | D:9      | Found a staircase to the Lair.
  7196 | D:9      | Reached skill level 10 in Axes
  7425 | Lair:1   | Entered Level 1 of the Lair of Beasts
  7433 | Lair:1   | Noticed a cane toad
  7439 | Lair:1   | Killed a cane toad
  7467 | Lair:1   | Reached skill level 11 in Axes
  7503 | Lair:1   | Noticed a black mamba
  7510 | Lair:1   | Killed a black mamba
  7597 | Lair:1   | Noticed a black mamba
  7606 | Lair:1   | Killed a black mamba
  7626 | Lair:1   | Reached skill level 10 in Fighting
  7643 | Lair:1   | Reached XP level 11. HP: 72/99 MP: 10/10
  7650 | Lair:1   | Reached skill level 12 in Axes
  8396 | Lair:1   | Reached skill level 13 in Axes
  8988 | Lair:2   | Found a dark tunnel.
  9150 | Volcano  | Entered a volcano
  9263 | Volcano  | Engulfed by a cloud of flame

Illustrated notes

Levels and vault maps discovered:
D:1:      elethiomel_arrival_infinity_welcomes_careful_drivers, layout_basic
D:2:      layout_loops_ring, due_unseen_surprise, uniq_sigmund, uniq_robin
D:3:      layout_rooms, mainiacjoe_overflow_cross_hatched,
          mainiacjoe_overflow_small_starburst, hellmonk_ecumenical_altar_blasted
D:4:      layout_rooms, serial_forest, infiniplex_forest_lined_2,
          infiniplex_forest_end_2, infiniplex_forest_pool,
          infiniplex_forest_clump_small, uniq_duvessa
D:5:      layout_loops_corners, serial_bayou, serial_bayou_pond_e,
          serial_bayou_shore_a, serial_bayou_pond_a, serial_bayou_lagoon_a,
          uniq_crazy_yiuf_cottage
D:6:      layout_basic, minmay_temple_entry_overgrown, nicolae_elemental_shop,
          minmay_misc_feat_encased, uniq_eustachio
D:7:      layout_basic, nicolae_qazlal_style_of_elements,
          mainiacjoe_overflow_catwalk, kennysheep_vampire_church,
          lightli_ossuary_entry_decrepit_ruins
D:8:      layout_basic
D:9:      layout_gridville, minmay_lair_entry_grove, serial_shops, shop,
          serial_bayou_ford_a
Lair:1:   layout_hall_layers, beast_lair_carwin_10, grunt_megastairs_5,
          lemuel_fruit_tree
Lair:2:   layout_layer_cave, nicolae_volcano_entry_lava_flow
Volcano:  volcano_village

Skill      XL: |  1  2  3  4  5  6  7  8  9 10 11 |
---------------+----------------------------------+-----
Maces & Flails | 4 5 |  5.4
Fighting       | 4 5 6 7 8 10 11 | 11.6
Armour         | 3 4 5 6 7 |  7.1
Dodging        | 3 4 5 6 8 |  8.0
Polearms       | 1 3 6 8 |  8.3
Axes           | 3 8 11 13 | 13.9
Stealth        | 1 2 |  2.6

Action                     |  1- 3 |  4- 6 |  7- 9 | 10-12 || total
---------------------------+-------+-------+-------+-------++-------
  Melee: Mace              |    45 |       |       |       ||    45
         Headbutt          |     8 |    15 |    40 |    36 ||    99
         Halberd           |       |   130 |    59 |       ||   189
         Hand axe          |       |       |   204 |   151 ||   355
         Punch             |       |       |     3 |     4 ||     7
 Invoke: Berserk           |     3 |     2 |     5 |     6 ||    16
         Trog's Hand       |       |     1 |       |     2 ||     3
         Brothers in Arms  |       |       |       |     2 ||     2
    Use: Scroll            |     2 |     1 |    10 |     4 ||    17
         Potion            |       |     1 |     1 |    15 ||    17
   Stab: Sleeping          |       |       |     1 |       ||     1
 Armour: Ring mail         |    15 |    66 |     5 |       ||    86
         Animal skin       |     2 |       |       |       ||     2
         Leather armour    |       |       |    73 |    29 ||   102
  Dodge: Dodged            |    40 |    88 |   155 |    85 ||   368
         Repelled          |       |       |     1 |       ||     1
